 Dungeon Crawl Stone Soup version 0.23.0 (webtiles) character file.

Game seed: 2469844151653496817

7320 Nothus the Carver (level 11, -1/90 HPs)
             Began as a Barachi Fighter on Feb 11, 2019.
             Slain by a spiny frog (6 damage)
             ... on level 1 of the Lair of Beasts.
             The game lasted 00:42:46 (11432 turns).

Nothus the Carver (Barachi Fighter)                Turns: 11432, Time: 00:42:46

Health: -1/90      AC: 17    Str: 17    XL:     11   Next: 13%
Magic:  11/11      EV: 11    Int: 10    God:
Gold:   355        SH: 10    Dex: 17    Spells: 10/10 levels left

rFire    + . .     SeeInvis .   a - +1 long sword
rCold    . . .     Gourm    .   c - +0 shield
rNeg     . . .     Faith    .   M - +1 chain mail {MR+}
rPois    .         Spirit   .   o - +1 helmet
rElec    .         Reflect  .   (no cloak)
rCorr    .         Harm     .   p - +0 pair of gloves
MR       +....                  n - +0 pair of boots {Stlth+}
Stlth    ..........             u - amulet of the acrobat
HPRegen  0.25/turn              s - ring of protection from fire
MPRegen  0.12/turn              d - +3 ring of dexterity

@: lethally poisoned (-1 -> -41), slow
A: +LOS, swims, slowness 1, strong legs 1
a: Hop


You were on level 1 of the Lair of Beasts.
You were not hungry.

You visited 3 branches of the dungeon, and saw 11 of its levels.
You also visited: Ossuary.

You collected 497 gold pieces.
You spent 142 gold pieces at shops.

Inventory:

Hand Weapons
 a - a +1 long sword (weapon)
 b - a +0 hunting sling
 E - a +2 short sword of draining
 H - a +0 hunting sling
Missiles
 I - 60 sling bullets
Armour
 c - a +0 shield (worn)
 h - a +0 scale mail
 n - a +0 pair of boots of stealth (worn)
 o - a +1 helmet (worn)
 p - a +0 pair of gloves (worn)
 G - a +0 scale mail of positive energy
 M - a +1 chain mail of magic resistance (worn)
Jewellery
 d - a +3 ring of dexterity (right hand)
 r - an uncursed ring of magical power
 s - a ring of protection from fire (left hand)
 u - an amulet of the acrobat (around neck)
Wands
 x - a wand of digging (4)
 A - a wand of random effects (19)
 B - a wand of clouds (5)
 J - a wand of flame (11)
Scrolls
 e - 5 scrolls of enchant weapon
 t - 3 scrolls of magic mapping
 y - a scroll of enchant armour
 z - 2 scrolls of amnesia
 C - 4 scrolls of remove curse
 D - a scroll of fog
 F - 2 scrolls of noise
 L - a scroll of identify
 N - a scroll of teleportation
Potions
 g - a potion of might
 i - 3 potions of flight
 j - 2 potions of cancellation
 l - a potion of haste
 q - a potion of magic
 v - a potion of mutation
 w - a potion of agility
 K - a potion of ambrosia
Comestibles
 f - 10 rations
 k - 10 chunks of flesh


   Skills:
 - Level 10.0 Fighting
 - Level 10.1 Long Blades
 - Level 10.0 Armour
 - Level 10.1 Dodging
 + Level 4.5 Shields


You had 10 spell levels left.
You didn't know any spells.
Your spell library was empty.

Dungeon Overview and Level Annotations

Branches:
Dungeon (10/15)            Temple (1/1) D:4            Lair (1/6) D:10
    Orc (0/2) D:10

Altars:
Ashenzari
Dithmenos
Elyvilon
Gozag
Hepliaklqana
Kikubaaqudgha
Makhleb
Nemelex Xobeh
Okawaru
Qazlal
Ru
Sif Muna
Vehumet
Wu Jian
Xom
Yredelemnul
Zin
The Shining One

Shops:
D:4 [


Innate Abilities, Weirdness & Mutations

Shadows flee at your approach. (+LOS)
You can swim through water.
You cover ground slowly.
You can hop short distances.


Message History

* * * LOW HITPOINT WARNING * * *
You feel very sick. The spiny frog stings you!
* * * LOW HITPOINT WARNING * * *
You are more poisoned.
The spiny frog poisons you!
Okay, then.
Evoke which item? (* to show all) (? for menu, Esc to quit)
Okay, then.
You closely miss the spiny frog.
The spiny frog is almost dead.
* * * LOW HITPOINT WARNING * * *
You feel very sick.
The spiny frog stings you but does no damage.
You hit the spiny frog.
The spiny frog is almost dead.
* * * LOW HITPOINT WARNING * * *
You feel very sick. The spiny frog stings you.
You die...

# ...# ## #.
#...# ###. #.
##....# #....
.##+#.......
.....#..........
#..#...........
#....#.......".
#$...#F........
#.@<.#
#...........
#.............
###....#......
.#...#P.....
.#.#.## ....# ##
#.#. ...# . .
...# # ## ...


You could see a spiny frog.

Vanquished Creatures
  A centaur warrior (D:9)
  Joseph (D:9)
  A redback zombie (D:8)
  A hornet (D:9)
  3 hippogriffs
  Grum (D:9)
  2 hungry ghosts (D:8)
  2 porcupines (D:10)
  5 orc warriors
  A sky beast (D:8)
  An ice beast (D:5)
  A phantom (D:4)
  4 ogres
  3 wolves (D:9)
  4 centaurs
  2 crocodiles
  2 elf zombies (Ossuary)
  A big kobold (D:9)
  6 bullfrogs
  A wyvern skeleton (D:8)
  2 jellies (D:9)
  A scorpion (D:8)
  2 killer bees (D:8)
  5 wights
  3 howler monkeys
  2 bullfrog zombies
  2 crimson imps
  4 centaur zombies
  2 quasits
  2 human zombies (Ossuary)
  A hound (D:6)
  4 bullfrog skeletons
  2 orc priests
  Jessica (D:3)
  Ijyb (D:3)
  An iguana (D:6)
  6 orc wizards
  5 worker ants
  A big kobold zombie (Ossuary)
  2 mummies (Ossuary)
  9 adders
  A river rat (D:9)
  4 shadow imps (D:8)
  An adder zombie (D:5)
  5 worms
  5 dart slugs
  5 leopard geckos
  28 orcs
  6 bats
  2 giant cockroaches
  10 goblins
  11 hobgoblins
  8 jackals
  6 kobolds
  4 quokkas
  3 ball pythons
  3 frilled lizards
  15 hobgoblin zombies (Ossuary)
  A jackal skeleton (D:5)
  A jackal zombie (Ossuary)
  9 kobold zombies (Ossuary)
  4 orc zombies (Ossuary)
  4 rats
  2 rat zombies (Ossuary)
239 creatures vanquished.

Vanquished Creatures (others)
  3 withered plants (D:8)
3 creatures vanquished.

Grand Total: 242 creatures vanquished

Notes
Turn   | Place    | Note
-------+----------+-------------------------------------------
     0 | D:1      | Nothus the Barachi Fighter began the quest for the Orb.
     0 | D:1      | Reached XP level 1. HP: 18/18 MP: 1/1
   433 | D:1      | Reached XP level 2. HP: 24/24 MP: 2/2
  1077 | D:2      | Reached XP level 3. HP: 27/29 MP: 3/3
  1560 | D:2      | Reached skill level 5 in Long Blades
  1560 | D:2      | Reached XP level 4. HP: 7/36 MP: 4/4
  2019 | D:2      | Found a basalt altar of Yredelemnul.
  2038 | D:2      | You fall through a shaft!
  2093 | D:3      | Noticed Ijyb
  2100 | D:3      | Paralysed by Ijyb for 3 turns
  2108 | D:3      | Paralysed by Ijyb for 2 turns
  2118 | D:3      | Killed Ijyb
  2149 | D:3      | Reached XP level 5. HP: 41/41 MP: 5/5
  2179 | D:3      | Noticed Jessica
  2196 | D:3      | Killed Jessica
  3255 | D:4      | Found a sand-covered staircase.
  3270 | D:4      | Reached XP level 6. HP: 46/47 MP: 6/6
  3379 | Ossuary  | Entered an ossuary
  3738 | Ossuary  | Reached XP level 7. HP: 29/52 MP: 7/7
  4158 | D:4      | Found a staircase to the Ecumenical Temple.
  4179 | Temple   | Entered the Ecumenical Temple
  4378 | D:4      | You fall through a shaft for 2 floors!
  4387 | D:6      | Reached skill level 10 in Long Blades
  4566 | D:6      | Found a glowing golden altar of the Shining One.
  4575 | D:6      | Reached skill level 5 in Armour
  4575 | D:6      | Reached XP level 8. HP: 56/59 MP: 8/8
  4635 | D:6      | Found a radiant altar of Vehumet.
  5240 | D:5      | Entered Level 5 of the Dungeon
  5693 | D:4      | Found Doushrate's Antique Armour Emporium.
  5718 | D:4      | Bought a pair of glowing boots for 142 gold pieces
  5994 | D:5      | You fall through a shaft for 3 floors!
  6071 | D:8      | Noticed a hippogriff
  6084 | D:8      | Killed a hippogriff
  6084 | D:8      | Reached XP level 9. HP: 51/64 MP: 9/9
  6105 | D:8      | Reached skill level 10 in Armour
  7419 | D:8      | Reached skill level 10 in Fighting
  7419 | D:8      | Reached XP level 10. HP: 78/85 MP: 10/10
  7958 | D:9      | Noticed Grum
  7973 | D:9      | Reached skill level 5 in Dodging
  7988 | D:9      | Killed Grum
  8415 | D:9      | Noticed Joseph
  8829 | D:9      | Killed Joseph
  9211 | D:9      | Noticed a centaur warrior
  9230 | D:9      | Killed a centaur warrior
  9605 | D:9      | Paralysed by a hornet for 2 turns
  9609 | D:9      | Paralysed by a hornet for 1 turns
  9615 | D:9      | Paralysed by a hornet for 1 turns
 10006 | D:10     | Entered Level 10 of the Dungeon
 10294 | D:10     | Found a staircase to the Lair.
 10294 | D:10     | Noticed a death yak
 10294 | D:10     | Noticed a death yak
 10294 | D:10     | Noticed a death yak
 10600 | D:10     | Reached XP level 11. HP: 80/90 MP: 11/11
 11013 | D:10     | Reached skill level 10 in Dodging
 11098 | D:10     | Found a staircase to the Orcish Mines.
 11408 | Lair:1   | Entered Level 1 of the Lair of Beasts
 11432 | Lair:1   | Slain by a spiny frog

Skill      XL: |  1  2  3  4  5  6  7  8  9 10 11 |
---------------+----------------------------------+-----
Long Blades    | 3 4 5 6 7 9 10 | 10.1
Armour         | 5 9 10 | 10.0
Fighting       | 10 | 10.0
Dodging        | 9 10 | 10.1
Shields        | 4 |  4.5

Action                   |  1- 3 |  4- 6 |  7- 9 | 10-12 || total
-------------------------+-------+-------+-------+-------++-------
Melee: Long sword        |   100 |   275 |   432 |   469 ||  1276
Throw: Throwing net      |       |       |       |     1 ||     1
 Abil: Hop               |     2 |       |     1 |     5 ||     8
Evoke: Wand              |       |       |     1 |     5 ||     6
  Use: Scroll            |       |     4 |       |    13 ||    17
       Potion            |       |     4 |     4 |     4 ||    12
 Stab: Held in net/web   |       |       |       |     2 ||     2
       Confused          |       |       |       |     2 ||     2
  Eat: Ration            |     1 |       |     4 |     3 ||     8
       Chunk             |       |     7 |    10 |     7 ||    24
Armor: Scale mail        |    24 |    85 |   172 |   153 ||   434
       Skin              |       |     1 |    11 |       ||    12
       Chain mail        |       |       |       |    17 ||    17
Dodge: Dodged            |    36 |    65 |   110 |   246 ||   457
Block: Shield            |    56 |   106 |   142 |   250 ||   554
       Rpst.: Long sword |    11 |    20 |    31 |    63 ||   125
